 Dungeon Crawl Stone Soup version 0.30-a0-728-gc68057be0a (webtiles) character file.

Game seed: 10941001081543362307

1779 screamidelica the Basher (level 8, -5/106 HPs)
             Began as a Minotaur Berserker on Jan 30, 2023.
             Was a Priest of Trog.
             Slain by a water moccasin (8 damage)
             ... on level 5 of the Dungeon.
             The game lasted 00:16:29 (7234 turns).

screamidelica the Basher (Minotaur Berserker)       Turns: 7234, Time: 00:16:30

Health: -5/106     AC:  2    Str: 31    XL:     8   Next: 81%
Magic:  7/7        EV: 11    Int:  4    God:    Trog [***...]
Gold:   361        SH:  0    Dex:  9    Spells: 7/7 levels left

rFire   . . .      SeeInvis +    q - +0 flail
rCold   . . .      Faith    .    (no shield)
rNeg    . . .      Spirit   .    m - +1 ring mail
rPois   .          Reflect  .    (helmet restricted)
rElec   .          Harm     .    (no cloak)
rCorr   .          Rampage  .    (no gloves)
Will    .....                    (no boots) Stlth
                                 (no amulet)
HPRegen 0.37/turn                e - ring of see invisible
MPRegen 0.10/turn                t - +6 ring of strength

@: berserking, lethally poisoned (-5 -> -10), corroded, very quick
A: horns 2, retaliatory headbutt
a: Renounce Religion, Berserk, Trog's Hand


You were on level 5 of the Dungeon.
You worshipped Trog.
Trog was most pleased with you.
You visited 1 branch of the dungeon, and saw 6 of its levels.

You collected 361 gold pieces.

Inventory:

Hand Weapons
 b - a +2 antimagic dagger
 q - a +0 flail (weapon)
 r - the +0 long sword "Orb Guardian's Bane" {holy, rF+ Will++}
   (You found it on level 3 of the Dungeon)

   rF:        It protects you from fire.
   Will:      It greatly increases your willpower.
Missiles
 c - a curare-tipped dart (quivered)
Armour
 m - a +1 ring mail (worn)
Jewellery
 e - a ring of see invisible (left hand)
 t - a +6 ring of strength (right hand)
 x - a ring of resist corrosion
Wands
 o - a wand of flame (21)
Scrolls
 d - a scroll of fog
 j - 2 scrolls of enchant armour
 y - a scroll of enchant weapon {unknown}
Potions
 f - 2 potions of heal wounds
 g - 2 potions of degeneration {unknown}
 h - 2 potions of invisibility
 i - 2 potions of brilliance {unknown}
 k - 2 potions of magic
 n - 3 potions of curing {unknown}
 p - 2 potions of resistance
 s - a potion of lignification {unknown}
 u - a potion of attraction {unknown}
 v - a potion of might {unknown}
 w - a potion of mutation {unknown}
 z - a potion of berserk rage {unknown}
 A - a potion of cancellation


   Skills:
 * Level 6.8 Fighting
 - Level 12.2 Maces & Flails
 + Level 3.4 Armour
 + Level 3.2 Dodging


You had 7 spell levels left.
You didn't know any spells.
Your spell library was empty.

Dungeon Overview and Level Annotations

Branches:
Dungeon (6/15)             Temple (0/1) D:4

Altars:
Fedhas
Gozag
Sif Muna

Shops:
D:1 (


Innate Abilities, Weirdness & Mutations

You have a pair of horns on your head.
You reflexively headbutt those who attack you in melee.


Message History

The water moccasin closely misses you. You furiously retaliate!
You headbutt the water moccasin, but do no damage.
You thump the jelly!
You kill the jelly!
Trog accepts your kill. The water moccasin bites you.
The orc barely misses you. The kobold hits you with a +0 dagger.
The orc hits you with a +0 hand axe.
You closely miss the orc.
The water moccasin completely misses you.
You hit the orc.
The orc is heavily wounded.
The kobold hits you with a +0 dagger. The orc barely misses you.
You furiously retaliate!
You headbutt the orc!
You kill the orc!
Trog accepts your kill. The orc hits you with a +0 mace.
* * * LOW HITPOINT WARNING * * *
Things that are here:
a +0 hand axe; an orc corpse You hit the orc.
Your headbutt misses the orc.
The orc is severely wounded.
The water moccasin bites you!
* * * LOW HITPOINT WARNING * * *
The orc hits you with a +0 mace!
* * * LOW HITPOINT WARNING * * *
You thump the orc!
You kill the orc!
Trog accepts your kill. The water moccasin bites you!
* * * LOW HITPOINT WARNING * * *
You are lethally poisoned!
The water moccasin poisons you!
You are too berserk!
Okay, then.
You sock the water moccasin!
Your headbutt misses the water moccasin.
The water moccasin is moderately wounded.
* * * LOW HITPOINT WARNING * * *
You feel sick. The water moccasin bites you!
You die...

....## #....##.##
.....######....#..#
.........##.......#
....##......[.....####
....##.......#.#.....##
.....#.####.##.#......#
.....#..##........#..##
..............)K).#.##
........#.....)S@####
.....##.#.#...)###
........###....#
..###........###
#..#......<..##
..............#
..##..#.......##
...............##
................#


You could see a water moccasin and a kobold.

Vanquished Creatures
  Grinder (D:3)
  Sigmund (D:4)
  A water moccasin (D:5)
  A black bear (D:5)
  2 ogres
  An ice beast (D:3)
  A kobold brigand (D:5)
  Blork the orc (D:4)
  A necrophage (D:5)
  4 killer bees (D:5)
  6 hounds
  2 jellies (D:5)
  An orc priest (D:4)
  Jessica (D:3)
  Ijyb (D:5)
  An orc wizard (D:3)
  13 adders
  3 worms
  2 dart slugs
  19 orcs
  7 endoplasms
  A giant cockroach (D:4)
  6 goblins
  4 hobgoblins
  12 jackals
  5 quokkas
  8 ball pythons
  5 bats
  7 frilled lizards
  15 kobolds
  7 rats
140 creatures vanquished.

Notes
Turn   | Place    | Note
-------+----------+-------------------------------------------
     0 | D:1      | screamidelica the Minotaur Berserker began the quest for
                  | the Orb.
     0 | D:1      | Reached XP level 1. HP: 19/19 MP: 0/0
    53 | D:1      | Found Cagiv's Weapon Emporium.
    96 | D:1      | Reached skill level 4 in Maces & Flails
   191 | D:1      | Reached XP level 2. HP: 15/27 MP: 1/1
   782 | D:1      | Reached ** piety under Trog
   808 | D:1      | Reached XP level 3. HP: 25/33 MP: 2/2
  1179 | D:2      | Reached skill level 5 in Maces & Flails
  2124 | D:2      | Reached XP level 4. HP: 38/41 MP: 3/3
  2169 | D:3      | Noticed Jessica
  2176 | D:3      | Killed Jessica
  2324 | D:3      | Found an opulent altar of Gozag.
  2348 | D:3      | Reached skill level 6 in Maces & Flails
  2356 | D:3      | Reached XP level 5. HP: 27/47 MP: 4/4
  2661 | D:3      | Noticed an ice beast
  2667 | D:3      | Killed an ice beast
  2668 | D:3      | Reached skill level 5 in Fighting
  2668 | D:3      | Reached skill level 7 in Maces & Flails
  2882 | D:3      | Identified the +0 long sword "Orb Guardian's Bane" {holy,
                  | rF+ Will++}
  2899 | D:3      | Noticed Grinder
  2901 | D:3      | Paralysed by Grinder for 3 turns
  2908 | D:3      | Killed Grinder
  2909 | D:3      | Reached skill level 8 in Maces & Flails
  2909 | D:3      | Reached XP level 6. HP: 47/57 MP: 5/5
  3055 | D:3      | Found a blossoming altar of Fedhas.
  3577 | D:4      | Reached XP level 7. HP: 50/62 MP: 6/6
  3746 | D:4      | Noticed Blork the orc
  3757 | D:4      | Killed Blork the orc
  3758 | D:4      | Reached skill level 9 in Maces & Flails
  3904 | D:4      | Found a staircase to the Ecumenical Temple.
  4049 | D:4      | Reached *** piety under Trog
  4513 | D:4      | Reached skill level 10 in Maces & Flails
  4811 | D:4      | Noticed Sigmund
  4819 | D:4      | Killed Sigmund
  5298 | D:5      | Entered Level 5 of the Dungeon
  5328 | D:5      | Reached XP level 8. HP: 64/70 MP: 7/7
  5334 | D:5      | Reached skill level 11 in Maces & Flails
  6037 | D:5      | Found a shimmering blue altar of Sif Muna.
  6084 | D:5      | Reached skill level 12 in Maces & Flails
  6699 | D:5      | Noticed Ijyb
  6707 | D:5      | Killed Ijyb
  7233 | D:5      | HP: 5/106 [water moccasin (8)]
  7234 | D:5      | Slain by a water moccasin

Illustrated notes

Levels and vault maps discovered:
D:1:      wander_arrival_estate, layout_basic, serial_shops,
          nicolae_shop_crystal, skrybe_limestone_x
D:2:      layout_basic, minmay_distorted
D:3:      layout_loops_ring, fedhas_altar_1, mainiacjoe_overflow_catwalk,
          uniq_grinder, uniq_jessica
D:4:      minmay_bubble_buster, layout_cave_pods, temple_green,
          chequers_serial_rivers_micro_b, kennysheep_orc_chapel, uniq_sigmund,
          uniq_blork_the_orc
D:5:      layout_cave_pools, mainiacjoe_overflow_small_starburst, uniq_ijyb
D:6:      layout_cave_pools, uniq_crazy_yiuf_cottage

Skill      XL: |  1  2  3  4  5  6  7  8 |
---------------+-------------------------+-----
Maces & Flails | 4 5 6 8 10 12 | 12.2
Fighting       | 4 5 6 |  6.8
Armour         | 3 |  3.4
Dodging        | 3 |  3.2

Action                     |  1- 3 |  4- 6 |  7- 9 || total
---------------------------+-------+-------+-------++-------
  Melee: Mace              |    92 |    59 |    93 ||   244
         Headbutt          |    17 |     9 |    21 ||    47
         Punch             |       |     1 |       ||     1
         Whip              |       |       |    51 ||    51
         Flail             |       |       |    46 ||    46
  Throw: Dart              |       |       |     2 ||     2
 Invoke: Berserk           |     1 |     1 |     6 ||     8
         Trog's Hand       |       |       |     2 ||     2
    Use: Scroll            |       |     8 |     6 ||    14
         Potion            |       |       |     2 ||     2
 Armour: Animal skin       |    18 |       |       ||    18
         Ring mail         |     3 |    11 |    44 ||    58
  Dodge: Dodged            |    62 |    33 |   129 ||   224

Table legend: (Time is in decaauts)
 A = Elapsed time spent in this place.
 B = Non-inter-level travel time spent in this place.
 C = Inter-level travel time spent in this place.
 D = Time resting spent in this place.
 E = Time spent auto-exploring this place.
 F = Levels seen in this place.
 G = Mean time per level.
                   A        B        C        D        E       F      G
               +--------+--------+--------+--------+--------+-----+--------+
         Total |   7276 |   6979 |    297 |   2882 |   3128 |   6 | 1212.7 |
       Dungeon |   7276 |   6979 |    297 |   2882 |   3128 |   6 | 1212.7 |
               +--------+--------+--------+--------+--------+-----+--------+

Top non-repeatable levels by time:
     D:4: 2622 daAuts
     D:5: 1298 daAuts
     D:3: 1174 daAuts
     D:2: 1154 daAuts
     D:1: 1020 daAuts
     D:6: 6 daAuts
